 Dungeon Crawl Stone Soup version 0.30-a0-165-g1891117ce2 (webtiles) character file.

Game seed: 684310319892331131

7893 Sobieck the Cleaver (level 11, 0/99 HPs)
             Began as a Palentonga Fighter on Sept 28, 2022.
             Was a Priest of Uskayaw.
             Slain by a skeletal warrior
             ... wielding a +0 mace
              (2 damage)
             ... on level 11 of the Dungeon.
             The game lasted 00:22:41 (10976 turns).

Sobieck the Cleaver (Palentonga Fighter)           Turns: 10976, Time: 00:22:41

Health: 0/99       AC: 28    Str: 25    XL:     11   Next: 2%
Magic:  14/14      EV:  5    Int: 12    God:    Uskayaw [***...]
Gold:   34         SH:  0    Dex:  9    Spells: 10/10 levels left

rFire   . . .      SeeInvis +    V - +3 executioner's axe of Eternal Vigilance {drain, Int+2 Stlth+, axerare=g}
rCold   . . .      Faith    .    (shield currently unavailable)
rNeg    . . .      Spirit   .    u - +0 plate armour of the Spheres {rElec Slay+2}
rPois   .          Reflect  .    d - +1 helmet
rElec   +          Harm     .    Q - +1 cloak
rCorr   .          Rampage  .    o - +2 pair of gloves
Will    .....                    (no barding)
Stlth   ..........               P - amulet of regeneration {@e2}
HPRegen 1.06/turn                U - +4 ring of slaying
MPRegen 0.14/turn                S - +4 ring of protection

@: curled up
A: large, rugged brown scales 3, see invisible, deformed body, roll 1, armoured
tail, reflexive curl
a: Rolling Charge, Renounce Religion, Stomp, Line Pass


You were on level 11 of the Dungeon.
You worshipped Uskayaw.
Uskayaw was noncommittal.
You visited 2 branches of the dungeon, and saw 12 of its levels.
You also visited: Sewer.

You collected 1955 gold pieces.
You spent 1921 gold pieces at shops.


Innate Abilities, Weirdness & Mutations

You are completely covered in rugged brown scales. (AC +3, +7% HP)
You have supernaturally acute eyesight. (SInv)
Armour fits poorly on your strangely shaped body.
You can roll at nearby foes to attack.
You have a long armoured tail.
You curl defensively after being hit. (AC +7*)


   Skills:
 + Level 11.1 Fighting
 * Level 11.8 Axes
 - Level 4.0 Armour
 - Level 4.0 Shields
 + Level 4.4 Invocations


You had 10 spell levels left.
You didn't know any spells.
Your spell library contained the following spells:

 Spells                   Type           Power      Damage    Failure   Level
 Magic Dart               Conj           0%         1d3       99%         1
 Summon Small Mammal      Summ           0%         N/A       99%         1
 Searing Ray              Conj           0%         2d4       100%        2
 Call Canine Familiar     Summ           0%         N/A       100%        3
 Ignite Poison            Fire/Tmut/Pois 0%         N/A       100%        3
 Summon Guardian Golem    Hex/Summ       0%         N/A       100%        3
 Fulminant Prism          Conj/Hex       0%         3d6       100%        4
 Sticky Flame             Conj/Fire      0%         2d3       100%        4
 Ignition                 Fire           0%         3d3       100%        8

Inventory:

Hand Weapons
 a - a +0 broad axe {axe}
   (You took it off Maggie on level 7 of the Dungeon)
 c - a +0 war axe {axe}
 k - a +1 hand axe of flaming {axe}
   (You took it off an orc on level 7 of the Dungeon)
 E - a +2 mace of protection {mace}
   (You took it off a gnoll on level 3 of the Dungeon)
 L - the +4 war axe "Goblinslayer" {vorpal, Str+2, axe}
   (You found it on level 6 of the Dungeon)

   It inflicts extra damage upon your enemies.
   Str:       It affects your strength (+2).
 O - a +4 whip {mace}
   (You took it off an orc priest on level 9 of the Dungeon)
 T - a +0 dagger of venom {short}
   (You took it off an orc wizard on level 5 of the Dungeon)
 V - the +3 executioner's axe of Eternal Vigilance (weapon) {drain, Int+2 Stlth+, axerare=g}
   (You acquired it on level 11 of the Dungeon)

   A truly terrible weapon, it drains the life of any living foe it strikes.
   Int:       It affects your intelligence (+2).
   Stlth:     It makes you more stealthy.
Missiles
 j - 84 stones {throwing}
 q - 22 poisoned darts {throwing}
 t - a throwing net {=f!fthrowing}
 y - 6 javelins {throwing}
 N - 6 boomerangs {throwing}
 R - 6 curare-tipped darts {=fthrowing}
 W - 6 atropa-tipped darts {throwing}
Armour
 b - a +0 kite shield
   (You found it on level 7 of the Dungeon)
 d - a +1 helmet (worn)
   (You found it on level 4 of the Dungeon)
 o - a +2 pair of gloves (worn)
   (You bought it in a shop on level 6 of the Dungeon)
 u - the +0 plate armour of the Spheres (worn) {rElec Slay+2}
   (You bought it in a shop on level 6 of the Dungeon)

   Slay:      It affects your accuracy & damage with ranged weapons and melee
   (+2).
   rElec:     It insulates you from electricity.
 z - a +0 buckler of protection
   (You found it in a sewer)
 Q - a +1 cloak (worn)
   (You found it on level 8 of the Dungeon)
 Z - a +0 scale mail
   (You found it on level 8 of the Dungeon)
Magical Staves
 K - a staff of air {!astaff}
   (You found it on level 5 of the Dungeon)
Jewellery
 s - an amulet of guardian spirit
   (You found it on level 7 of the Dungeon)
 B - a +6 ring of dexterity
   (You took it off a kobold on level 3 of the Dungeon)
 P - an amulet of regeneration (around neck) {@e2}
   (You found it on level 4 of the Dungeon)
 S - a +4 ring of protection (right hand)
   (You found it on level 10 of the Dungeon)
 U - a +4 ring of slaying (left hand)
   (You bought it in a shop on level 10 of the Dungeon)
 X - a ring of resist corrosion
   (You found it in a sewer)
Wands
 g - a wand of roots (23)
   (You took it off Natasha on level 4 of the Dungeon)
 w - a wand of charming (12)
   (You found it on level 2 of the Dungeon)
 D - a wand of flame (10)
   (You found it on level 4 of the Dungeon)
 G - a wand of acid (11)
   (You took it off Maurice on level 8 of the Dungeon)
Scrolls
 e - a scroll of vulnerability {!r!r}
 l - a scroll of magic mapping {!r}
 n - 5 scrolls of immolation {!r!r}
 v - 2 scrolls of fear
 x - 8 scrolls of teleportation {@r4}
 F - a scroll of identify {@r1}
Potions
 f - 2 potions of brilliance
 h - a potion of degeneration {!q@e2}
 i - 3 potions of mutation {!q}
 m - 2 potions of lignification {!q}
 p - a potion of cancellation
 r - a potion of magic
 A - 2 potions of attraction {!q}
 C - 2 potions of ambrosia
 H - a potion of resistance
 I - a potion of heal wounds {@q2}
 J - 2 potions of curing {@q1}
 M - 5 potions of flight
 Y - a potion of might

Dungeon Overview and Level Annotations

Branches:
Dungeon (11/15) Zot: 26905  Temple (1/1) D:5 Zot: 5833    Lair (0/5) D:9
    Orc (0/2) D:10          Sewer (visited)

Altars:
Ashenzari
Cheibriados
Dithmenos
Elyvilon
Fedhas
Gozag
Hepliaklqana
Kikubaaqudgha
Makhleb
Nemelex Xobeh
Okawaru
Qazlal
Ru
Sif Muna
Trog
Uskayaw
Vehumet
Wu Jian
Xom
Yredelemnul
Zin
The Shining One

Shops:
D:6 :[[   D:10 =

Annotations:
D:4 2 transporters, valliere's ghost, amateur TrBr
D:8 exclusion: downstairs

## .... .... ....
....########## #
.............#######.#
.............=.zz....#
................@z...#
......####+#####z....#
......#....... #.z...#
#.....#....... #.....#
#.....'....... #.....#
'.....##########.....#
#....................#
######.|.............#
.....######....


You could see 5 skeletal warriors.


Message History

There is a stone staircase leading up here.
Danger!
Unknown command.
An acid dragon is nearby!
Unknown command.
You roll forward with a clatter of scales!
You slice the acid dragon!! You drain the acid dragon.
You kill the acid dragon!
The acid dragon scales are intact enough to wear.
Unknown command.
Your pack is full.
Things that are here:
+0 acid dragon scales; an acid dragon corpse Unknown command.
Unknown command.
Your pack is full.
Things that are here:
+0 acid dragon scales; an acid dragon corpse Could not pick up +0 acid dragon scales here; ([A]lways) ignore it?
Autopickup disabled for acid dragon scales.
As you open the door, it creaks loudly!
Unknown command.
Your pack is full.
You see here a +4 ring of evasion.
Unknown command.
Your pack is full.
You see here a +4 ring of evasion.
Could not pick up a +4 ring of evasion here; ([A]lways) ignore it?
Autopickup disabled for rings of evasion.
Your pack is full.
You see here a potion of might.
Unknown command.
You drop a +0 robe.
Y - a potion of might You see here a +0 robe.
f - 2 potions of brilliance (gained 1)
You open the door.
There is an open door here.
Your pack is full.
You see here a scroll of identify {@r1}.
Unknown command.
You don't have any unidentified items.
Unknown command.
You drop a staff of cold {!astaff}.
F - a scroll of identify {@r1} You see here a staff of cold {!astaff}.
You open the door.
There is an open door here.
A skeletal warrior comes into view. It is wielding a +0 mace.
Danger!
You roll forward with a clatter of scales! 4 skeletal warriors come into view.
You barely miss the skeletal warrior.
The skeletal warrior hits you with a +0 mace. x2
You slash the skeletal warrior!
You tail-slap the skeletal warrior, but do no damage.
The skeletal warrior hits you with a +0 mace!
You slash the skeletal warrior!
The skeletal warrior hits you with a +0 mace.
Unknown command.
You slash the skeletal warrior! You tail-slap the skeletal warrior.
You hit the skeletal warrior.
The skeletal warrior hits you with a +0 mace!
The skeletal warrior hits you but does no damage.
The skeletal warrior hits you from afar with a +0 halberd.
The skeletal warrior hits you but does no damage.
You can now pass through a line of other dancers.
You hit the skeletal warrior but do no damage.
Your tail-slap misses the skeletal warrior.
You slice the skeletal warrior!!
The skeletal warrior hits you with a +0 dire flail!
The skeletal warrior hits you from afar with a +0 halberd!
* * * LOW HITPOINT WARNING * * *
Uskayaw will force your foes to helplessly watch your dance.
Uskayaw prepares the audience for your solo!
Unknown command.
The skeletal warrior is no longer paralysed. x4
The skeletal warrior hits you but does no damage.
The skeletal warrior hits you with a +0 hand axe!
* * * LOW HITPOINT WARNING * * *
The skeletal warrior hits you but does no damage.
Unknown command.
You barely miss the skeletal warrior. You tail-slap the skeletal warrior!
You barely miss the skeletal warrior. You slash the skeletal warrior!
The helpless skeletal warrior fails to defend itself.
You slash the skeletal warrior!
The skeletal warrior is no longer paralysed.
The skeletal warrior hits you with a +0 dire flail!
* * * LOW HITPOINT WARNING * * *
The skeletal warrior hits you but does no damage. x2
The skeletal warrior hits you from afar with a +0 halberd!
* * * LOW HITPOINT WARNING * * *
The skeletal warrior hits you with a +0 scimitar!
* * * LOW HITPOINT WARNING * * *
Unknown command.
You barely miss the skeletal warrior. You closely miss the skeletal warrior.
You hit the skeletal warrior.
You completely miss the skeletal warrior.
The skeletal warrior hits you with a +0 mace.
You die...

Skill      XL: |  1  2  3  4  5  6  7  8  9 10 |
---------------+-------------------------------+-----
Axes           | 3 5 6 7 10 11 | 11.8
Fighting       | 4 5 6 7 10 11 | 11.1
Shields        | 3 4 |  4.0
Armour         | 3 4 |  4.0
Invocations    | 1 4 |  4.4

Action                   |  1- 3 |  4- 6 |  7- 9 | 10-12 || total
-------------------------+-------+-------+-------+-------++-------
Melee: War axe           |    80 |    61 |   198 |       ||   339
       Tailslap          |     7 |    11 |    50 |    27 ||    95
       Broad axe         |       |       |   137 |   143 ||   280
       Executioner's axe |       |       |       |     8 ||     8
Invok: Line Pass         |       |       |       |     2 ||     2
 Abil: Rolling Charge    |    23 |    12 |    58 |    24 ||   117
  Use: Potion            |       |     3 |     4 |       ||     7
       Scroll            |       |       |    20 |     5 ||    25
 Stab: Invisible         |       |       |     1 |       ||     1
       Paralysed         |       |       |     2 |    14 ||    16
Armor: Scale mail        |    35 |     5 |       |       ||    40
       Plate armour      |       |     8 |   168 |   125 ||   301
Dodge: Dodged            |    17 |    16 |    43 |    24 ||   100
Block: Buckler           |    13 |    11 |    55 |    32 ||   111

Levels and vault maps discovered:
D:1:      evilmike_arrival_plus, layout_basic, minmay_hedge_maze
D:2:      layout_loops_corners, shapermc_ecumenical_altar_notcrosses
D:3:      cheibrodos_helix_gallery, layout_basic, serial_aquarium,
          aquarium_bridge_straight [aquarium_subvault_bridge,
          aquarium_subvault_window, aquarium_subvault_bridge,
          aquarium_subvault_wall], aquarium_bridge_square
          [aquarium_subvault_bridge, aquarium_subvault_bridge,
          aquarium_subvault_balcony, aquarium_subvault_window],
          aquarium_window_fake, aquarium_window_corridor_1, aquarium_view_2c,
          aquarium_view_2a, aquarium_balcony_3a, uniq_grinder
D:4:      layout_rooms, gammafunk_ghost_stat_death, skrybe_limestone_x,
          grunt_ministairs_8, kennysheep_generic_room_2, uniq_natasha
D:5:      layout_gridville, nicolae_elyvilon_peaceful_grove, temple_fountains,
          gup_sewer_entry_spiral, saegor_snake_ambush
D:6:      layout_basic, serial_shops, nicolae_shop_advertising_works
          [nicolae_subvault_shop_adworks], shop, nicolae_shop_window_shopping,
          nicolae_concentric_dashed_squares_mild, grunt_ministairs_10,
          minmay_gold_behind_fungi
D:7:      layout_basic, minivault_27, uniq_joseph, uniq_maggie
D:8:      layout_cave_pools, nicolae_uskayaw_murder_on_the_dancefloor,
          minmay_door_square, uniq_maurice
D:9:      layout_loops_ring, nemelex_spade_bored_becter,
          chequers_temple_overflow_statue_of_worship, erik_lair_orcish_takeover,
          minmay_misc_feat_chi
D:10:     layout_basic, nicolae_gozag_cash_rules_everything_around_me,
          david_orc_3, minmay_shop_enchanted_jewellery
D:11:     layout_irregular_city, uniq_harold, uniq_erica
Temple:   nicolae_temple_bog_church

Notes
Turn   | Place    | Note
-------+----------+-------------------------------------------
     0 | D:1      | Sobieck the Palentonga Fighter began the quest for the Orb.
     0 | D:1      | Reached XP level 1. HP: 19/19 MP: 1/1
   577 | D:1      | Reached XP level 2. HP: 25/25 MP: 2/2
  1344 | D:2      | Reached skill level 3 in Axes
  1639 | D:2      | Reached XP level 3. HP: 31/31 MP: 3/3
  1736 | D:2      | Found a faded altar of an unknown god.
  2280 | D:3      | HP: 5/31 [orc/+0 hand axe (5)]
  2684 | D:2      | HP: 5/31 [gnoll/+0 flail (6)]
  3022 | D:3      | Reached XP level 4. HP: 34/39 MP: 4/4
  3174 | D:3      | Reached skill level 4 in Axes
  3289 | D:3      | Noticed Grinder
  3298 | D:3      | HP: 9/39 [Grinder (5)]
  3298 | D:3      | HP: 4/39 [Grinder (5)]
  3299 | D:3      | Killed Grinder
  3300 | D:3      | Reached skill level 4 in Fighting
  3300 | D:3      | Reached skill level 5 in Axes
  3300 | D:3      | Reached XP level 5. HP: 5/46 MP: 5/5
  3300 | D:3      | Reached XP level 6. HP: 6/52 MP: 6/6
  4463 | D:4      | Noticed Natasha
  4497 | D:4      | Killed Natasha
  4513 | D:4      | Reached skill level 5 in Fighting
  4513 | D:4      | Reached skill level 6 in Axes
  4516 | D:4      | Gained mutation: You curl defensively after being hit. (AC
                  | +7*) [Palentonga growth]
  4516 | D:4      | Reached XP level 7. HP: 36/59 MP: 7/7
  4779 | D:4      | Found a transporter.
  4780 | D:4      | Noticed valliere's ghost (amateur TrBr)
  4936 | D:4      | Found a transporter.
  5060 | D:4      | Noticed Natasha
  5064 | D:4      | Killed Natasha
  5142 | D:4      | Noticed Natasha
  5147 | D:4      | Killed Natasha
  5148 | D:4      | Reached skill level 7 in Axes
  5284 | D:4      | Identified a scroll of acquirement
  5284 | D:4      | Acquired 1245 gold pieces
  5316 | D:5      | Entered Level 5 of the Dungeon
  5382 | D:5      | Found a staircase to the Ecumenical Temple.
  5391 | Temple   | Entered the Ecumenical Temple
  5660 | D:5      | Reached skill level 6 in Fighting
  5667 | D:5      | Reached XP level 8. HP: 64/68 MP: 8/8
  5757 | D:5      | Reached skill level 8 in Axes
  5856 | D:5      | Found a white marble altar of Elyvilon.
  5968 | D:5      | Found a glowing drain.
  5972 | Sewer    | Entered a sewer
  6182 | Sewer    | You pick up a book of Callings and begin reading...
  6182 | Sewer    | You add the spells Summon Small Mammal, Call Canine
                  | Familiar and Summon Guardian Golem to your library.
  6714 | D:6      | You fall into a shaft and drop 2 floors!
  6742 | D:9      | Noticed a hornet
  6759 | D:8      | HP: 16/69 [warg (5)]
  6761 | D:8      | Reached skill level 9 in Axes
  6890 | D:7      | Noticed Joseph
  6903 | D:7      | Killed Joseph
  6904 | D:7      | Reached skill level 7 in Fighting
  7042 | D:7      | Noticed Maggie
  7058 | D:7      | Killed Maggie
  7059 | D:7      | Reached skill level 10 in Axes
  7059 | D:7      | Reached XP level 9. HP: 78/78 MP: 9/9
  7244 | D:7      | Reached skill level 8 in Fighting
  7377 | D:7      | Reached skill level 9 in Fighting
  7427 | D:6      | Found Hoyw's Armour Shoppe.
  7454 | D:6      | You add the spells Ignite Poison, Sticky Flame and Ignition
                  | to your library.
  7555 | D:6      | Bought the +0 plate armour of the Spheres {rElec Slay+2}
                  | for 454 gold pieces
  7555 | D:6      | Bought a +2 pair of gloves for 165 gold pieces
  7630 | D:6      | Found Siofusaj's Book Shop.
  7632 | D:6      | Identified the +4 war axe "Goblinslayer" {vorpal, Str+2}
  7951 | D:6      | Reached skill level 10 in Fighting
  8197 | D:6      | Found Uderph's Antique Armour Emporium.
  8205 | D:6      | Bought a twisted ring mail for 288 gold pieces
  8205 | D:6      | Identified the +1 ring mail of Least Resistance {rCorr}
                  | (You bought it in a shop on level 6 of the Dungeon)
  8401 | D:7      | Reached skill level 3 in Shields
  8705 | D:8      | Found a hide-covered altar of Uskayaw.
  8711 | D:8      | Became a worshipper of Uskayaw the Reveller
  8737 | D:8      | Noticed Maurice
  8745 | D:8      | Reached * piety under Uskayaw
  8747 | D:8      | Reached ** piety under Uskayaw
  8753 | D:8      | Reached *** piety under Uskayaw
  8759 | D:8      | Reached **** piety under Uskayaw
  8763 | D:8      | Killed Maurice
  8763 | D:8      | Reached ***** piety under Uskayaw
  8764 | D:8      | Reached skill level 3 in Armour
  8764 | D:8      | Reached skill level 1 in Invocations
  8764 | D:8      | Reached XP level 10. HP: 91/92 MP: 10/10
  8835 | D:8      | Found the +7 Throatcutter {drain, coup de grace}
  8915 | D:8      | You pick up a book of Conjurations {@e2} and begin
                  | reading...
  8915 | D:8      | You add the spells Magic Dart, Searing Ray and Fulminant
                  | Prism to your library.
  9178 | D:9      | Reached skill level 2 in Invocations
  9262 | D:9      | Reached skill level 11 in Axes
  9266 | D:9      | Reached skill level 4 in Shields
  9266 | D:9      | Found a staircase to the Lair.
  9272 | D:9      | Reached ****** piety under Uskayaw
  9428 | D:9      | Reached skill level 3 in Invocations
  9444 | D:9      | Found a stormy altar of Qazlal.
  9445 | D:9      | Found an ornate altar of the Wu Jian Council.
  9543 | D:9      | Found a sparkling altar of Nemelex Xobeh.
  9938 | D:10     | Entered Level 10 of the Dungeon
  9985 | D:10     | Reached skill level 4 in Armour
 10089 | D:10     | Found a staircase to the Orcish Mines.
 10110 | D:10     | Reached skill level 4 in Invocations
 10111 | D:10     | Reached skill level 11 in Fighting
 10351 | D:10     | Found an opulent altar of Gozag.
 10354 | D:10     | Reached XP level 11. HP: 99/99 MP: 14/14
 10745 | D:10     | Found Lodudior's Jewellery Shoppe.
 10752 | D:10     | Bought a +4 ring of slaying for 1014 gold pieces
 10890 | D:11     | Acquired the +3 executioner's axe of Eternal Vigilance
                  | {drain, Int+2 Stlth+}
 10892 | D:11     | V - the +3 executioner's axe of Eternal Vigilance {drain,
                  | Int+2 Stlth+, axerare=g}
 10904 | D:10     | V - the +3 executioner's axe of Eternal Vigilance (weapon)
                  | {drain, Int+2 Stlth+, axerare=g}
 10967 | D:11     | Noticed a skeletal warrior
 10969 | D:11     | Noticed a skeletal warrior
 10969 | D:11     | Noticed a skeletal warrior
 10969 | D:11     | Noticed a skeletal warrior
 10969 | D:11     | Noticed a skeletal warrior
 10975 | D:11     | HP: 20/99 [skeletal warrior/+0 dire flail (9)]
 10975 | D:11     | HP: 1/99 [skeletal warrior/+0 scimitar (10)]
 10976 | D:11     | Slain by a skeletal warrior

Vanquished Creatures
  Maurice (D:8)
  Joseph (D:7)
  Maggie (D:7)
  2 trolls (D:10)
  2 hornets (D:9)
  Grinder (D:3)
  2 shadows (D:10)
  2 wyverns (D:9)
  A steam dragon (D:8)
  3 wargs
  An acid dragon (D:11)
  3 water moccasins
  2 ice beasts
  6 orc warriors
  2 black bears
  A sky beast (D:8)
  An ogre (D:4)
  5 centaurs
  A phantom (D:6)
  A kobold brigand (D:7)
  5 bullfrogs
  3 necrophages
  4 scorpions
  6 killer bees (D:8)
  6 howler monkeys
  4 hounds
  A gnoll bouda (D:7)
  11 orc priests
  2 jellies
  8 iguanas
  15 orc wizards
  Natasha (thrice) (D:4)
  A merfolk siren (Sewer)
  A merfolk avatar (Sewer)
  7 gnolls
  9 adders
  3 river rats
  3 white imps
  An ufetubus (D:6)
  4 worms
  2 dart slugs (D:2)
  34 orcs
  8 ball pythons
  3 bats
  4 endoplasms
  4 giant cockroaches
  4 goblins
  4 hobgoblins
  8 jackals
  7 quokkas
  8 frilled lizards
  6 kobolds
  29 rats
257 creatures vanquished.

Vanquished Creatures (others)
  4 toadstools (D:6)
4 creatures vanquished.

Grand Total: 261 creatures vanquished

Table legend:
 A = Non-vault XP
 B = Vault XP
 C = Vault XP percentage of total XP
 D = Non-vault monster count
 E = Vault monster count
 F = Vault count percentage of total count
                 A         B        C        D         E       F
            +---------+---------+-------+---------+---------+-------
      Total |    7839 |    3438 |  30.5 |     172 |      85 |  33.1
            +---------+---------+-------+---------+---------+-------
        D:1 |      15 |       0 |   0.0 |       8 |       0 |   0.0
        D:2 |      51 |       0 |   0.0 |      20 |       0 |   0.0
        D:3 |     159 |     284 |  64.1 |      23 |       3 |  11.5
        D:4 |     377 |     117 |  23.7 |      12 |       6 |  33.3
        D:5 |     649 |      54 |   7.7 |      20 |       8 |  28.6
        D:6 |     639 |     243 |  27.6 |      11 |       6 |  35.3
        D:7 |    1220 |     781 |  39.0 |      26 |       2 |   7.1
        D:8 |    1285 |     696 |  35.1 |      18 |       3 |  14.3
        D:9 |    1717 |     487 |  22.1 |      22 |       8 |  26.7
       D:10 |    1574 |     628 |  28.5 |      11 |       9 |  45.0
       D:11 |     153 |       0 |   0.0 |       1 |       0 |   0.0
      Sewer |       0 |     148 | 100.0 |       0 |      40 | 100.0
            +---------+---------+-------+---------+---------+-------

Illustrated notes

Table legend:
 A = Kills in this place as a percentage of kills in entire the game.
 B = Kills by you in this place as a percentage of kills by you in the entire game.
 C = Kills by friends in this place as a percentage of kills by friends in the entire game.
 D = Other kills in this place as a percentage of other kills in the entire game.
 E = Experience gained in this place as a percentage of experience gained in the entire game.
 F = Experience gained in this place divided by the number of levels of this place that you have seen.
                   A       B       C       D       E      F
               +-------+-------+-------+-------+-------+----------------------
         Total | 100.0 | 100.0 |   N/A | 100.0 | 100.0 | 867.5
       Dungeon |  84.4 |  84.3 |   N/A | 100.0 |  98.7 | 1011.7
         Sewer |  15.6 |  15.7 |   N/A |   0.0 |   1.3 | 148.0
               +-------+-------+-------+-------+-------+----------------------

Table legend: (Time is in decaauts)
 A = Elapsed time spent in this place.
 B = Non-inter-level travel time spent in this place.
 C = Inter-level travel time spent in this place.
 D = Time resting spent in this place.
 E = Time spent auto-exploring this place.
 F = Levels seen in this place.
 G = Mean time per level.
                   A        B        C        D        E       F      G
               +--------+--------+--------+--------+--------+-----+--------+
         Total |  11206 |  10792 |    414 |   1868 |   7365 |  13 |  862.0 |
       Dungeon |  10643 |  10237 |    406 |   1868 |   7081 |  11 |  967.5 |
        Temple |    166 |    158 |      8 |      0 |    145 |   1 |  166.0 |
         Sewer |    397 |    397 |      0 |      0 |    138 |   1 |  397.0 |
               +--------+--------+--------+--------+--------+-----+--------+

Top non-repeatable levels by time:
     D:3: 1745 daAuts
     D:2: 1435 daAuts
     D:1: 1153 daAuts
     D:4: 1043 daAuts
     D:7: 1008 daAuts
    D:10: 956 daAuts
     D:5: 911 daAuts
     D:6: 841 daAuts
     D:9: 781 daAuts
     D:8: 679 daAuts
   Sewer: 397 daAuts
  Temple: 166 daAuts
    D:11: 85 daAuts
